 Dungeon Crawl Stone Soup version 0.32-a0-893-gf85d74f360 (webtiles) character file.

Game seed: 5255692264489676016

1701 HilariousDeathArtist the Digger (level 9, 0/62 (66) HPs)
             Began as a Coglin Earth Elementalist on Apr 3, 2024.
             Was a Priest of Okawaru.
             Slain by a wight
             ... wielding a +0 battleaxe
              (3 damage)
             ... on level 7 of the Dungeon.
             The game lasted 00:11:54 (6291 turns).

HilariousDeathArtist the Digger (CoEE)              Turns: 6291, Time: 00:11:54

HP:   0/62 (66)     AC: 11    Str:  8    XL:     9   Next: 3%
MP:   5/14          EV: 15    Int: 20    God:    Okawaru [***...]
Gold: 296           SH:  0    Dex: 16    Spells: 10/14 levels left

rFire   + . .        a - +1 dagger (elec) {Rubén}
rCold   + + .        b - orb {*channel}
rNeg    . . .        y - +3 leather armour {rC+}
rPois   +            f - +1 hat "Meiseux" {Dex+2 Slay+6}
rElec   +            B - +0 cloak
rCorr   +            h - +1 pair of gloves
SInv    .            (no boots)
Will    .....        (amulet unavailable)
Stlth   +++          (ring unavailable)
HPRegen 0.30/turn    (ring unavailable)
MPRegen 0.14/turn    (no gizmo)

%: channel magic (20%)
@: resistant, heroic, on berserk cooldown, hasted and slowed, drained, revved
A: off-hand wielding, slow wielding, warmup strikes, no jewellery
a: Invent Gizmo, Renounce Religion, Heroism


You were on level 7 of the Dungeon.
You worshipped Okawaru.
Okawaru was most pleased with you.
You visited 1 branch of the dungeon, and saw 7 of its levels.

You collected 434 gold pieces.
You spent 138 gold pieces at shops.

Inventory:

Hand Weapons
 a - a +1 dagger of electrocution (weapon) {Rubén}
   (You took it off an orc wizard on level 4 of the Dungeon)
 e - a +0 dagger {Gisele}
   (You took it off a goblin on level 1 of the Dungeon)
 g - a +1 mace {Ming}
   (You found it on level 1 of the Dungeon)
 k - a +3 great sword of freezing
   (You took it off a wight on level 6 of the Dungeon)
Missiles
 d - a throwing net {!d}
 s - 52 stones
 t - 4 boomerangs
 A - a curare-tipped dart
Armour
 b - an orb of energy (worn)
   (You found it on level 1 of the Dungeon)
 f - the +1 hat "Meiseux" (worn) {Dex+2 Slay+6}
   (You acquired it on level 3 of the Dungeon)

   Dex+2:     It affects your dexterity (+2).
   Slay+6:    It affects your accuracy & damage with ranged weapons and melee
   (+6).
 h - a +1 pair of gloves (worn)
   (You found it on level 2 of the Dungeon)
 y - a +3 leather armour of cold resistance (worn)
   (You took it off Eustachio on level 5 of the Dungeon)
 B - a +0 cloak (worn)
   (You found it on level 6 of the Dungeon)
Talismans
 x - a blade talisman
   (You found it on level 5 of the Dungeon)
Scrolls
 l - a scroll of acquirement
 o - a scroll of revelation
 q - a scroll of brand weapon
 v - a scroll of poison {!r}
 V - a scroll of vulnerability {!r!r}
 Y - 6 scrolls of teleportation {@r3}
Potions
 c - a potion of ambrosia {unknown}
 i - 2 potions of degeneration {unknown}
 j - a potion of brilliance {unknown}
 n - a potion of magic
 M - a potion of might
 P - a potion of lignification {!q}


   Skills:
 + Level 4.3(9.3) Fighting
 + Level 3.1(8.1) Short Blades
 + Level 3.7(8.7) Dodging
 - Level 1.5(6.5) Stealth
 + Level 3.4 Spellcasting
 + Level 4.4 Conjurations
 + Level 5.2 Earth Magic
 + Level 2.9 Invocations


You had 10 spell levels left.
You knew the following spells:

 Your Spells              Type           Power      Damage    Failure   Level
a - Sandblast             Erth           48%        2d12      9%          1
x - Stone Arrow           Conj/Erth      44%        3d9       21%         3

Your spell library contained the following spells:

 Spells                   Type           Power      Damage    Failure   Level
 Passwall                 Erth           24%        N/A       17%         3
 Brom's Barrelling Bould  Conj/Erth      22%        2d4       47%         4
 Sigil of Binding         Hex            3%         N/A       71%         3
 Petrify                  Alch/Erth      13%        N/A       75%         4
 Dimensional Bullseye     Hex/Tloc       1%         N/A       96%         4
 Call Canine Familiar     Summ           Unusable   N/A       N/A         3

Dungeon Overview and Level Annotations

Branches:
Dungeon (7/15)
 Temple: D:4-7

Altars:
Fedhas
Hepliaklqana
Nemelex Xobeh
Okawaru
Yredelemnul

Shops:
D:6 ?

Annotations:
D:6 1 runed translucent door, Crazy Yiuf, Dowan, Duvessa, Jeremiah


Innate Abilities, Weirdness & Mutations

You can wield a second weapon in your off-hand.
It takes a long time for you to wield or remove held weapons.
Your first few attacks do less damage.
You cannot equip rings or amulets.


Message History

You take 12 damage, and have 35/55 hp.
MASSIVE DAMAGE!!
You closely miss the butterfly. You barely miss the butterfly.
Okay, then.
Okay, then.
Okay, then.
It was a potion of berserk rage.
A red film seems to cover your vision as you go berserk!
You feel yourself moving faster!
You feel mighty!
You now have 53/82 hp.
You hit the butterfly.
Lightning courses through the butterfly!
You kill the butterfly!
The butterfly disappears in a burst of colours!
You closely miss the butterfly.
The butterfly disappears in a burst of colours!
Sigmund misses you.
The butterfly disappears in a burst of colours!
Jeremiah hops!
You see here a +0 robe.
You hit Sigmund. You barely miss Sigmund. Sigmund barely misses you.
You closely miss Sigmund. You barely miss Sigmund.
Sigmund hits you but does no damage.
You puncture Sigmund! You puncture Sigmund! Lightning courses through Sigmund!
You completely miss Sigmund. Sigmund casts a spell at you.
You resist with some effort.
You completely miss Sigmund.
Jeremiah's eyes momentarily flash bright red.
Sigmund hits you with a +0 scythe.
You take 1 damage, and have 54/82 hp.
You puncture Sigmund! Lightning courses through Sigmund!
You kill Sigmund!
Okawaru accepts your kill.
Your life force feels restored.
Your Short Blades skill increases to level 3!
You have reached level 9!
Your experience leads to an increase in your attributes!
Your base attributes are Str 8, Int 18, Dex 14.
Increase (s)trength, (i)ntelligence, or (d)exterity?
You feel clever. x2
You regained 4 hp, and now have 58/97 hp.
You miss the butterfly. You miss the butterfly. You closely miss the butterfly.
You puncture the butterfly!
You kill the butterfly!
The butterfly disappears in a burst of colours! x2
You miss the butterfly. You hit the butterfly.
You kill the butterfly!
The butterfly disappears in a burst of colours!
Your magical contamination has completely faded away.
There is a stone staircase leading down, spattered with blood here.
You feel a strong urge to attack something.
You are no longer berserk.
You are exhausted.
You feel yourself slow down.
You climb downwards.
The wight hits you with a +2 falchion.
There is a stone staircase leading up, spattered with blood here.
You now have 39/65 hp.
Unknown command.
You closely miss the wight. The wight closely misses you.
You closely miss the wight. The wight hits you with a +2 falchion.
You take 3 damage, and have 36/65 hp.
You gain the combat prowess of a mighty hero.
The wight hits you with a +2 falchion.
You feel drained.
You take 4 damage, and have 32/64 hp.
You now have 4/14 mp.
You hit the wight but do no damage. Lightning courses through the wight!
You hit the wight but do no damage. Lightning courses through the wight!
You destroy the wight!
Okawaru accepts your kill.
Your life force feels restored.
Okay, then.
Things that are here:
a +2 falchion; a +0 robe You hit the wight.
You hit the wight. The wight closely misses you.
You barely miss the wight.
Your extra speed is starting to run out.
The wight completely misses you.
You hit the wight. You barely miss the wight.
The wight hits you with a +0 battleaxe!
You take 14 damage, and have 21/66 hp.
MASSIVE DAMAGE!!
You hit the wight but do no damage. You hit the wight but do no damage.
Lightning courses through the wight! The wight hits you with a +0 battleaxe!
* * * LOW HITPOINT WARNING * * *
You feel drained.
* * * LOW HITPOINT WARNING * * *
You take 11 damage, and have 10/64 hp.
You barely miss the wight. The wight hits you with a +0 battleaxe!
* * * LOW HITPOINT WARNING * * *
You feel drained.
You die...

### #.. #.# #.#
#z# #@# #)# #<#
#/#
#.####.#####.#
>#............#
.......<#######
.########


You could see a wight.

Vanquished Creatures
  Sigmund (D:6)
  Eustachio (D:5)
  A steam dragon (D:6)
  An ice beast (D:6)
  An ogre (D:5)
  A centaur (D:6)
  A kobold brigand (D:6)
  A bullfrog (D:6)
  4 scorpions
  2 wights
  A bombardier beetle (D:6)
  2 jellies
  Terence (D:3)
  3 iguanas
  A sleepcap (D:6)
  Natasha (thrice) (D:2 D:3)
  An orc wizard (D:4)
  6 adders
  3 gnolls (D:6)
  A shadow imp (D:6)
  5 ufetubi
  7 dart slugs
  A ribbon worm (D:3)
  8 orcs
  6 ball pythons
  8 endoplasms
  3 giant cockroaches (D:1)
  8 goblins
  8 hobgoblins
  5 jackals
  9 kobolds
  4 quokkas
  4 bats
  2 frilled lizards (D:1)
  5 rats
119 creatures vanquished.

Notes
Turn   | Place    | Note
-------+----------+-------------------------------------------
     0 | D:1      | HilariousDeathArtist the Coglin Earth Elementalist began
                  | the quest for the Orb.
     0 | D:1      | Reached XP level 1. HP: 13/13 MP: 3/3
    47 | D:1      | Reached skill level 1 in Fighting
   116 | D:1      | Reached XP level 2. HP: 21/21 MP: 1/4
   197 | D:1      | Reached skill level 2 in Fighting
   283 | D:1      | Found a faded altar of an unknown god.
   286 | D:1      | Prayed at the altar of an unknown god.
   286 | D:1      | Became a worshipper of Warmaster Okawaru
   286 | D:1      | Reached * piety under Okawaru
   392 | D:1      | Reached XP level 3. HP: 28/28 MP: 2/5
   396 | D:1      | Learned a level 3 spell: Stone Arrow
   584 | D:1      | Reached skill level 1 in Conjurations
   978 | D:2      | Noticed Natasha
   989 | D:2      | Killed Natasha
   990 | D:2      | Reached skill level 3 in Earth Magic
   990 | D:2      | Reached XP level 4. HP: 22/34 MP: 2/6
  1121 | D:2      | You fall into a shaft and drop 2 floors!
  1123 | D:4      | Found a hazy altar of Hepliaklqana.
  1186 | D:2      | Noticed Terence
  1288 | D:2      | Noticed Natasha
  1295 | D:2      | Killed Natasha
  1296 | D:2      | Reached skill level 2 in Conjurations
  1409 | D:2      | Noticed Natasha
  1560 | D:3      | Reached XP level 5. HP: 39/39 MP: 4/7
  2078 | D:3      | Identified a scroll of acquirement
  2185 | D:3      | Acquired the +1 hat "Meiseux" {Dex+2 Slay+6}
  2218 | D:3      | Killed Terence
  2263 | D:3      | HP: 7/39 [cerulean imp/+2 spear[Natasha] (3)]
  2264 | D:3      | Killed Natasha
  2265 | D:3      | Reached skill level 4 in Earth Magic
  2396 | D:2      | Reached skill level 3 in Conjurations
  2942 | D:4      | Reached XP level 6. HP: 28/46 MP: 3/8
  3023 | D:4      | Learned a level 3 spell: Stone Arrow
  3092 | D:4      | Reached skill level 2 in Dodging
  3176 | D:4      | Reached skill level 2 in Spellcasting
  3283 | D:4      | Reached skill level 1 in Invocations
  3394 | D:4      | Found an iron altar of Okawaru.
  3638 | D:5      | Entered Level 5 of the Dungeon
  3655 | D:5      | Reached ** piety under Okawaru
  3693 | D:5      | Reached skill level 1 in Short Blades
  3693 | D:5      | Reached XP level 7. HP: 51/51 MP: 8/10
  3730 | D:5      | Reached skill level 3 in Fighting
  3804 | D:5      | Found a basalt altar of Yredelemnul.
  4488 | D:5      | Noticed Eustachio
  4521 | D:5      | HP: 12/52 [ufetubus[Eustachio] (3)]
  4522 | D:5      | Killed Eustachio
  4743 | D:6      | Reached skill level 2 in Invocations
  4743 | D:6      | Reached XP level 8. HP: 22/58 MP: 6/12
  4878 | D:6      | Found a runed translucent door.
  4879 | D:6      | Noticed Crazy Yiuf
  4945 | D:6      | Reached skill level 2 in Short Blades
  4973 | D:6      | Reached *** piety under Okawaru
  4974 | D:6      | Reached skill level 3 in Dodging
  4992 | D:6      | Found a sparkling altar of Nemelex Xobeh.
  4992 | D:6      | Noticed Duvessa
  4992 | D:6      | Noticed Dowan
  5003 | D:6      | Found a blossoming altar of Fedhas.
  5211 | D:6      | Reached skill level 3 in Spellcasting
  5211 | D:6      | Reached skill level 4 in Conjurations
  5217 | D:6      | HP: 14/60 [gnoll/+0 spear (6)]
  5621 | D:6      | Noticed Jeremiah
  5642 | D:6      | Reached skill level 5 in Earth Magic
  5695 | D:6      | Reached skill level 4 in Fighting
  5914 | D:6      | Found Teajuf's Magic Scroll Shop.
  5917 | D:6      | Bought a scroll of revelation for 90 gold pieces
  5917 | D:6      | Bought a scroll of vulnerability for 48 gold pieces
  6069 | D:6      | HP: 10/55 [wight/+3 great sword of freezing (9)]
  6239 | D:6      | Noticed Sigmund
  6267 | D:6      | Killed Sigmund
  6268 | D:6      | Reached skill level 3 in Short Blades
  6268 | D:6      | Reached XP level 9. HP: 58/65 MP: 5/14
  6290 | D:7      | HP: 12/66 [wight/+0 battleaxe (9)]
  6291 | D:7      | HP: 3/64 [wight/+0 battleaxe (7)]
  6291 | D:7      | Slain by a wight

Illustrated notes

Levels and vault maps discovered:
D:1:      minmay_arrival_semitransparent, layout_basic,
          shapermc_ecumenical_altar_mp_urbaneastern
D:2:      layout_loops_ring, nicolae_figureground_sparkle, uniq_terence,
          uniq_natasha
D:3:      layout_basic, interstate_on_off, kennysheep_generic_room_12
D:4:      layout_rooms, mainiacjoe_overflow_alcove_1, okawaru_gym_becter
D:5:      layout_basic, mainiacjoe_overflow_chevrons, uniq_eustachio
D:6:      layout_cave_pools, jmf_multi_god_temple, serial_shops,
          nicolae_shop_rolled_up, uniq_jeremiah, uniq_duvessa,
          uniq_crazy_yiuf_cottage, uniq_sigmund
D:7:      layout_loops_ring, amcnicky_altar_gilded, lemuel_round_altar,
          minmay_temple_entry_enclosed_plants, minmay_fractal_squares_gapless_5,
          uniq_menkaure

Skill      XL: |  1  2  3  4  5  6  7  8 |
---------------+-------------------------+-----
Fighting       | 1 2 3 4 |  4.3
Conjurations   | 1 2 3 4 |  4.4
Earth Magic    | 3 4 5 |  5.2
Dodging        | 2 3 |  3.7
Spellcasting   | 2 3 |  3.4
Invocations    | 1 2 |  2.9
Short Blades   | 1 3 |  3.1
Stealth        | |  1.5

Action                     |  1- 3 |  4- 6 |  7- 9 || total
---------------------------+-------+-------+-------++-------
  Melee: Dagger            |    34 |    10 |   119 ||   163
         Mace              |     1 |    30 |       ||    31
   Cast: Sandblast         |    49 |    65 |    42 ||   156
         Stone Arrow       |       |       |    22 ||    22
 Invoke: Heroism           |       |       |     1 ||     1
    Use: Scroll            |       |     7 |     6 ||    13
         Potion            |       |       |     5 ||     5
 Armour: Robe              |     3 |       |       ||     3
         Leather armour    |    33 |    63 |    96 ||   192
         Skin              |       |       |    63 ||    63
  Dodge: Dodged            |    37 |    56 |    89 ||   182

Table legend: (Time is in decaauts)
 A = Elapsed time spent in this place.
 B = Non-inter-level travel time spent in this place.
 C = Inter-level travel time spent in this place.
 D = Time resting spent in this place.
 E = Time spent auto-exploring this place.
 F = Levels seen in this place.
 G = Mean time per level.
                   A        B        C        D        E       F      G
               +--------+--------+--------+--------+--------+-----+--------+
         Total |   6383 |   6050 |    333 |    239 |   4678 |   7 |  911.9 |
       Dungeon |   6383 |   6050 |    333 |    239 |   4678 |   7 |  911.9 |
               +--------+--------+--------+--------+--------+-----+--------+

Top non-repeatable levels by time:
     D:5: 1407 daAuts
     D:6: 1224 daAuts
     D:3: 1120 daAuts
     D:2: 945 daAuts
     D:1: 846 daAuts
     D:4: 814 daAuts
     D:7: 24 daAuts

Levels and vault maps discovered:
D:1:      minmay_arrival_semitransparent, layout_basic,
          shapermc_ecumenical_altar_mp_urbaneastern
D:2:      layout_loops_ring, nicolae_figureground_sparkle, uniq_terence,
          uniq_natasha
D:3:      layout_basic, interstate_on_off, kennysheep_generic_room_12
D:4:      layout_rooms, mainiacjoe_overflow_alcove_1, okawaru_gym_becter
D:5:      layout_basic, mainiacjoe_overflow_chevrons, uniq_eustachio
D:6:      layout_cave_pools, jmf_multi_god_temple, serial_shops,
          nicolae_shop_rolled_up, uniq_jeremiah, uniq_duvessa,
          uniq_crazy_yiuf_cottage, uniq_sigmund
D:7:      layout_loops_ring, amcnicky_altar_gilded, lemuel_round_altar,
          minmay_temple_entry_enclosed_plants, minmay_fractal_squares_gapless_5,
          uniq_menkaure

Table legend: (Time is in decaauts)
 A = Elapsed time spent in this place.
 B = Non-inter-level travel time spent in this place.
 C = Inter-level travel time spent in this place.
 D = Time resting spent in this place.
 E = Time spent auto-exploring this place.
 F = Levels seen in this place.
 G = Mean time per level.
                   A        B        C        D        E       F      G
               +--------+--------+--------+--------+--------+-----+--------+
         Total |   6383 |   6050 |    333 |    239 |   4678 |   7 |  911.9 |
       Dungeon |   6383 |   6050 |    333 |    239 |   4678 |   7 |  911.9 |
               +--------+--------+--------+--------+--------+-----+--------+

Top non-repeatable levels by time:
     D:5: 1407 daAuts
     D:6: 1224 daAuts
     D:3: 1120 daAuts
     D:2: 945 daAuts
     D:1: 846 daAuts
     D:4: 814 daAuts
     D:7: 24 daAuts

Table legend:
 A = Kills in this place as a percentage of kills in the entire game.
 B = Kills by you in this place as a percentage of kills by you in the entire game.
 C = Kills by friends in this place as a percentage of kills by friends in the entire game.
 D = Other kills in this place as a percentage of other kills in the entire game.
 E = Experience gained in this place as a percentage of experience gained in the entire game.
 F = Experience gained in this place divided by the number of levels of this place that you have seen.
                   A       B       C       D       E      F
               +-------+-------+-------+-------+-------+----------------------
         Total | 100.0 | 100.0 |   N/A |   N/A | 100.0 | 347.1
       Dungeon | 100.0 | 100.0 |   N/A |   N/A | 100.0 | 347.1
               +-------+-------+-------+-------+-------+----------------------
